 Dungeon Crawl Stone Soup version 0.29.0-4-gdea44cf6ec (webtiles) character file.

Game seed: 15291971666184776986

37 qw the Chopper (level 3, -4/21 HPs)
             Began as a Tengu Warper on Aug 28, 2022.
             Slain by a worm (7 damage)
             ... on level 2 of the Dungeon.
             The game lasted 00:00:07 (1454 turns).

qw the Chopper (Tengu Warper)                       Turns: 1454, Time: 00:00:08

Health: -4/21      AC:  6    Str: 13    XL:     3   Next: 39%
Magic:  7/7        EV:  9    Int: 13    God:
Gold:   80         SH:  0    Dex: 13    Spells: 6/6 levels left

rFire   . . .      SeeInvis .   Y - +0 hand axe
rCold   . . .      Faith    .   (no shield)
rNeg    . . .      Spirit   .   d - +0 scale mail
rPois   .          Reflect  .   (helmet restricted)
rElec   .          Harm     .   (no cloak)
rCorr   .          Rampage  .   (no gloves)
Will    .....                   (boots unavailable)
Stlth   ..........              (no amulet)
HPRegen 0.07/turn               (no ring)
MPRegen 0.10/turn               (no ring)

@: no status effects
A: beak, talons 3
a: no special abilities


You were on level 2 of the Dungeon.
You visited 1 branch of the dungeon, and saw 2 of its levels.

You collected 80 gold pieces.


Innate Abilities, Weirdness & Mutations

You have a beak for a mouth.
You have claws for feet.


   Skills:
 - Level 2.0 Fighting
 + Level 4.1 Axes
 - Level 1.0 Throwing
 - Level 1.1 Armour
 - Level 2.1 Dodging
 - Level 2.0 Spellcasting
 - Level 2.4 Translocations


You had 6 spell levels left.
You didn't know any spells.
Your spell library contained the following spells:

 Spells                   Type           Power      Damage    Failure   Level
 Blink                    Tloc           14%        N/A       56%         2
 Gell's Gravitas          Tloc           7%         N/A       80%         3
 Lesser Beckoning         Tloc           7%         N/A       80%         3
 Teleport Other           Tloc           7%         N/A       80%         3
 Manifold Assault         Tloc           7%         N/A       100%        5

Inventory:

Hand Weapons
 i - a +0 whip
 Y - a +0 hand axe (weapon)
Armour
 a - the +1 ring mail of the Bouncing Lovers {Str+6 Dex+4}
   (You found it on level 2 of the Dungeon)

   Str:       It affects your strength (+6).
   Dex:       It affects your dexterity (+4).
 d - a +0 scale mail (worn)
Potions
 g - a potion of might {unknown}

Dungeon Overview and Level Annotations

Branches:
Dungeon (2/15)

Altars:


Message History

The adder is moderately wounded.
The adder barely misses you.
You hit the adder. Your kick misses the adder.
The adder is almost dead.
The adder bites you but does no damage. The adder bites you.
You barely miss the adder. Your kick misses the adder.
Your peck misses the adder.
The adder is almost dead.
The adder bites you but does no damage.
You closely miss the adder. Your peck misses the adder.
The adder is almost dead.
The adder bites you but does no damage. x2
You barely miss the adder. Your punch misses the adder.
The adder is almost dead.
The adder bites you but does no damage.
You closely miss the adder. You claw the adder. You peck the adder.
You kill the adder!
Your Axes skill increases to level 4!
You hit the worm.
The worm is lightly wounded.
You barely miss the worm. You peck the worm.
The worm is lightly wounded.
The worm bites you.
You hit the worm but do no damage. Your peck misses the worm.
The worm is lightly wounded.
You hit the worm. You claw the worm!
The worm is almost dead.
The worm bites you.
You barely miss the worm.
The worm is severely wounded.
The worm bites you!
You hit the worm. You claw the worm. You peck the worm, but do no damage.
The worm is almost dead.
You hit the worm but do no damage. Your kick misses the worm.
The worm is almost dead.
The worm barely misses you.
You barely miss the worm. You claw the worm.
The worm is almost dead.
The worm bites you!
You die...

############
####..........#
#.##..........#
###..#.?........#
#....#..........#
#.##.#..........#
%.##.#....########
................@#
.###...#########.wl.....
......... ####.....
........... ....
..####.####.# ... .##
#.# # .. .# #.# . .# .#
.#


You could see a worm and a frilled lizard.

Vanquished Creatures
  2 adders
  2 ball pythons
  3 bats
  3 goblins (D:1)
  2 hobgoblins
  2 quokkas
  2 kobolds
  3 rats (D:1)
19 creatures vanquished.

Vanquished Creatures (others)
  3 fungi (D:2)
  A plant (D:2)
4 creatures vanquished.

Grand Total: 23 creatures vanquished

Notes
Turn   | Place    | Note
-------+----------+-------------------------------------------
     0 | D:1      | qw the Tengu Warper began the quest for the Orb.
     0 | D:1      | Reached XP level 1. HP: 12/12 MP: 4/4
     0 | D:1      | 0 ||| qw: Version: 0.1-a-89-g26bdef1
     0 | D:1      | 0 ||| qw: Game counter: 1128
     0 | D:1      | 0 ||| qw: Always use a shield: true
     0 | D:1      | 0 ||| qw: God list: Okawaru
     0 | D:1      | 0 ||| qw: Allow faded altars: false
     0 | D:1      | 0 ||| qw: Do Orc after D:15 true
     0 | D:1      | 0 ||| qw: Do second Lair branch before Depths: true
     0 | D:1      | 0 ||| qw: Lair rune preference: random
     0 | D:1      | 0 ||| qw: Plans: Normal
     0 | D:1      | 0 ||| PLANNING D:1-11
   326 | D:1      | Reached XP level 2. HP: 17/17 MP: 6/6
   330 | D:1      | Reached skill level 3 in Axes
   736 | D:1      | 736 ||| UPGRADING to +0 scale mail.
   746 | D:1      | 746 ||| DROPPING +0 leather armour.
   747 | D:1      | 747 ||| READING scroll labelled LEMEHA VIATOUG.
   751 | D:1      | 751 ||| READING scroll labelled APAOV ROFF.
   752 | D:1      | 752 ||| READING scroll labelled BEONKEOFEKOPH.
   882 | D:1      | 882 ||| READING scroll labelled TUGRYT VELOV.
   983 | D:1      | 983 ||| READING scroll labelled OVVUSS FUMEMY.
   984 | D:1      | 984 ||| READING scroll labelled SOXKYOMAJE.
   985 | D:1      | 985 ||| READING scroll labelled LIEPAF PYNAGH.
   986 | D:1      | 986 ||| DRINKING 3 yellow potions.
   987 | D:1      | 987 ||| DROPPING scroll of blinking.
   988 | D:1      | 988 ||| DROPPING 2 potions of flight.
  1014 | D:2      | 1014 ||| STAIRDANCE
  1027 | D:1      | HP: 4/17 [poisoned by an adder]
  1325 | D:2      | Reached XP level 3. HP: 20/21 MP: 7/7
  1414 | D:2      | Identified the +1 ring mail of the Bouncing Lovers {Str+6
                  | Dex+4}
  1447 | D:2      | Reached skill level 4 in Axes
  1451 | D:2      | HP: 3/21 [worm (9)]
  1454 | D:2      | Slain by a worm

Levels and vault maps discovered:
D:1:      minmay_arrival_checkered_box, layout_basic, lemuel_old_faithful
D:2:      layout_rooms, shapermc_ecumenical_altar_rom_forum

Skill      XL: |  1  2  3 |
---------------+----------+-----
Axes           | 3 4 |  4.1
Fighting       | |  2.0
Throwing       | |  1.0
Armour         | |  1.1
Dodging        | |  2.1
Spellcasting   | |  2.0
Translocations | |  2.4

Action                   || total
-------------------------++-------
Melee: Hand axe          ||    52
       Peck              ||    10
       Kick              ||    11
Throw: Boomerang         ||     7
  Use: Scroll            ||     7
       Potion            ||     1
Armor: Scale mail        ||    23
       Leather armour    ||     3
Dodge: Dodged            ||    16

Table legend:
 A = Non-vault XP
 B = Vault XP
 C = Vault XP percentage of total XP
 D = Non-vault monster count
 E = Vault monster count
 F = Vault count percentage of total count
                 A         B        C        D         E       F
            +---------+---------+-------+---------+---------+-------
      Total |      53 |       0 |   0.0 |      19 |       0 |   0.0
            +---------+---------+-------+---------+---------+-------
        D:1 |      30 |       0 |   0.0 |      12 |       0 |   0.0
        D:2 |      23 |       0 |   0.0 |       7 |       0 |   0.0
            +---------+---------+-------+---------+---------+-------
